 Dungeon Crawl Stone Soup version 0.31-a0-977-gc230f8ef24 (webtiles) character file.

Game seed: 14474550890814293461

33 strifetoe the Sneak (level 3, -2/27 HPs)
             Began as a Djinni Enchanter on Oct 29, 2023.
             Slain by a gnoll
             ... wielding a +0 spear
              (4 damage)
             ... on level 2 of the Dungeon.
             The game lasted 00:02:08 (1411 turns).

strifetoe the Sneak (Djinni Enchanter)              Turns: 1411, Time: 00:02:09

Health: -2/27      AC:  2    Str:  7    XL:     3   Next: 47%
Gold:   56         EV: 12    Int: 18    God:
                   SH:  0    Dex: 13

rFire   + + .        a - +1 dagger
rCold   x . .        (no shield)
rNeg    . . .        b - +0 robe
rPois   ∞            (no helmet)
rElec   .            (no cloak)
rCorr   .            (no gloves)
SInv    .            (boots unavailable)
Will    .....        (no amulet)
Stlth   ++           (no ring)
HPRegen 0.24/turn    (no ring)
MPRegen 0.00/turn

%: infuse magic (-3 HP)
@: flying
A: sickness immunity, fire resistance 2, cold vulnerability 1, float, innate
caster, HP casting, extra vitality 1
a: no special abilities


You were on level 2 of the Dungeon.
You visited 1 branch of the dungeon, and saw 2 of its levels.

You collected 56 gold pieces.

Inventory:

Hand Weapons
 a - a +1 dagger (weapon)
 g - a +2 whip of draining
Armour
 b - a +0 robe (worn)
Scrolls
 d - a scroll of identify
 k - 2 scrolls of immolation
Potions
 c - a potion of invisibility
 e - a potion of might {unknown}
 f - a potion of brilliance {unknown}
 j - 2 potions of curing
 l - a potion of attraction {unknown}


   Skills:
 + Level 1.1 Fighting
 - Level 0.8 Short Blades
 - Level 2.1 Dodging
 + Level 3.1 Stealth
 - Level 3.0 Spellcasting
 - Level 3.0 Conjurations
 - Level 3.0 Hexes
 - Level 3.0 Summonings
 - Level 3.0 Necromancy
 - Level 3.0 Translocations
 - Level 3.0 Transmutations
 - Level 3.0 Fire Magic
 - Level 3.0 Ice Magic
 - Level 3.0 Air Magic
 - Level 3.0 Earth Magic
 - Level 3.0 Poison Magic


You knew the following spells:

 Your Spells              Type           Power      Damage    Failure   Level
a - Ensorcelled Hibernat  Hex/Ice        26%        N/A       7%          2
b - Confusing Touch       Hex            13%        N/A       14%         3
c - Tukima's Dance        Hex            13%        N/A       14%         3
d - Dazzling Flash        Conj/Hex       26%        N/A       14%         3
e - Sandblast             Erth           26%        2d8       4%          1
Your spell library was empty.

Dungeon Overview and Level Annotations

Branches:
Dungeon (2/15)

Altars:


Innate Abilities, Weirdness & Mutations

You are immune to sickness and miasma.
You are immune to poison.
Your flesh is very heat resistant. (rF++)
You are vulnerable to cold. (rC-)
You float through the air rather than walking.
You learn spells naturally, not from books.
Your magical power is your life essence.
You have superior vitality. (+4 MHP)


Message History

The bat barely misses you. The bat hits you but does no damage.
You hit the bat.
The bat is moderately wounded.
The bat completely misses you.
You closely miss the bat.
The bat is moderately wounded.
The bat misses you. The bat hits you but does no damage.
The gnoll hits you from afar with a +0 spear!
You barely miss the bat.
The bat is moderately wounded.
The bat hits you. The bat misses you.
The gnoll hits you from afar with a +0 spear.
You hit the bat.
You kill the bat!
The gnoll barely misses you. The gnoll closely misses you.
You barely miss the gnoll. The gnoll completely misses you.
The gnoll shouts!
You hit the gnoll but do no damage. The gnoll completely misses you.
The gnoll hits you but does no damage.
You hit the gnoll.
The gnoll is heavily wounded.
The gnoll hits you from afar with a +0 spear.
You are too injured to fight recklessly!
You are too injured to fight recklessly!
You are too injured to fight recklessly!
You are too injured to fight recklessly!
You are too injured to fight recklessly!
You are too injured to fight recklessly!
Unknown command.
The gnoll hits you with a +0 spear!
* * * LOW HITPOINT WARNING * * *
The gnoll closely misses you. The gnoll barely misses you.
The gnoll closely misses you. The gnoll barely misses you.
The gnoll hits you from afar with a +0 spear.
* * * LOW HITPOINT WARNING * * *
The gnoll attacks as it pursues you!
The gnoll hits you from afar with a +0 spear.
You die...

###### ....>### #####
..##...## #.†.#
..##.#..####### #...#
..##.##.......#####...#####
..##.######.....@.gg........
..##.# #.##..###g.$######
####.# #.###.# #...# #.# #.#
#..##...# #.# #.. ........'.
### ##.##...#.. .##...#.#.
....... . .#


You could see 3 gnolls.

Vanquished Creatures
  A worm (D:2)
  2 dart slugs (D:1)
  2 endoplasms (D:1)
  A goblin (D:1)
  2 hobgoblins
  3 jackals (D:1)
  2 quokkas (D:1)
  4 ball pythons
  2 bats
  A frilled lizard (D:1)
  4 kobolds (D:1)
  A rat (D:1)
25 creatures vanquished.

Notes
Turn   | Place    | Note
-------+----------+-------------------------------------------
     0 | D:1      | strifetoe the Djinni Enchanter began the quest for the Orb.
     0 | D:1      | strifetoe set off with the following spells memorised:
                  | Ensorcelled Hibernation, Confusing Touch, Tukima's Dance,
                  | Dazzling Flash.
     0 | D:1      | Reached XP level 1. HP: 15/15 MP: 0/0
   144 | D:1      | Reached XP level 2. HP: 4/21 MP: 0/0
   274 | D:1      | Found a faded altar of an unknown god.
   584 | D:1      | Reached XP level 3. HP: 25/26 MP: 0/0
   584 | D:1      | Learned a level 1 spell: Sandblast
   721 | D:1      | Reached skill level 1 in Fighting
  1411 | D:2      | Slain by a gnoll

Illustrated notes

Levels and vault maps discovered:
D:1:      dpeg_arrival_castle, layout_basic, chequers_ecumenical_altar_twisty
D:2:      minmay_door_path, layout_basic, basic_altar

Skill      XL: |  1  2  3 |
---------------+----------+-----
Spellcasting   | 3 |  3.0
Conjurations   | 3 |  3.0
Hexes          | 3 |  3.0
Summonings     | 3 |  3.0
Necromancy     | 3 |  3.0
Translocations | 3 |  3.0
Transmutations | 3 |  3.0
Fire Magic     | 3 |  3.0
Ice Magic      | 3 |  3.0
Air Magic      | 3 |  3.0
Earth Magic    | 3 |  3.0
Poison Magic   | 3 |  3.0
Stealth        | 3 |  3.1
Fighting       | 1 |  1.1
Short Blades   | |  0.8
Dodging        | |  2.1

Action                     || total
---------------------------++-------
  Melee: Dagger            ||   101
         Punch             ||     2
   Cast: Ensorcelled Hiber ||     6
    Use: Potion            ||     1
         Scroll            ||     4
   Stab: Sleeping          ||     5
 Armour: Robe              ||    56
  Dodge: Dodged            ||    61

Table legend: (Time is in decaauts)
 A = Elapsed time spent in this place.
 B = Non-inter-level travel time spent in this place.
 C = Inter-level travel time spent in this place.
 D = Time resting spent in this place.
 E = Time spent auto-exploring this place.
 F = Levels seen in this place.
 G = Mean time per level.
                   A        B        C        D        E       F      G
               +--------+--------+--------+--------+--------+-----+--------+
         Total |   1406 |   1364 |     42 |    232 |    831 |   2 |  703.0 |
       Dungeon |   1406 |   1364 |     42 |    232 |    831 |   2 |  703.0 |
               +--------+--------+--------+--------+--------+-----+--------+

Top non-repeatable levels by time:
     D:1: 1197 daAuts
     D:2: 209 daAuts
